 Dungeon Crawl Stone Soup version 0.25.0-15-gac7dcb8919 (webtiles) character file.

Game seed: 6729905156821104735

735 sking99 the Insei (level 7, -2/56 HPs)
             Began as a Demonspawn Monk on June 28, 2020.
             Was a Follower of Uskayaw.
             Slain by an orc warrior
             ... wielding a cursed -2 long sword
              (12 damage)
             ... on level 5 of the Dungeon.
             The game lasted 00:14:00 (7043 turns).

sking99 the Insei (Demonspawn Monk)                 Turns: 7043, Time: 00:14:01

Health: -2/56      AC: 12    Str: 13    XL:     7   Next: 45%
Magic:  7/7        EV:  7    Int: 11    God:    Uskayaw [*.....]
Gold:   279        SH:  0    Dex: 16    Spells: 6/6 levels left

rFire    . . .     SeeInvis .     - Unarmed
rCold    . . .     Gourm    .   (no shield)
rNeg     . . .     Faith    .   k - +0 chain mail
rPois    .         Spirit   .   (no helmet)
rElec    .         Reflect  .   (no cloak)
rCorr    .         Harm     .   (no gloves)
MR       .....                  (no boots)
Stlth    ..........             (no amulet)
HPRegen  0.18/turn              v - ring of wizardry
MPRegen  0.10/turn              s - +4 ring of protection

@: slowed, very slow
A: claws 2, demonic guardian 1
a: Stomp, Renounce Religion


You were on level 5 of the Dungeon.
You worshipped Uskayaw.
Uskayaw was noncommittal.
You were not hungry.

You visited 2 branches of the dungeon, and saw 7 of its levels.

You collected 279 gold pieces.

Inventory:

Missiles
 f - 3 poisoned darts (quivered)
Armour
 k - a +0 chain mail (worn)
Jewellery
 m - an uncursed ring of ice
 s - a +4 ring of protection (right claw)
 v - a ring of wizardry (left claw)
Wands
 n - a wand of paralysis (1)
Scrolls
 b - a scroll of fog
 d - 3 scrolls of remove curse
 e - a scroll of fear
 g - 2 scrolls of enchant armour
 i - 3 scrolls of teleportation
 j - a scroll of amnesia {unknown}
 l - a scroll of blinking {unknown}
 p - a scroll of magic mapping
 q - a scroll of random uselessness {unknown}
 t - a scroll of enchant weapon
 w - a scroll of immolation {unknown}
Potions
 a - a potion of curing
 h - a potion of heal wounds
 o - 3 potions of ambrosia
 r - a potion of cancellation
 u - a potion of brilliance
 x - a potion of degeneration
Comestibles
 c - 7 rations


   Skills:
 + Level 5.3 Fighting
   Level 2.8 Polearms
 + Level 2.2 Armour
 - Level 2.8 Dodging
 - Level 2.0 Stealth
 * Level 5.4 Unarmed Combat
 + Level 0.4 Invocations


You had 6 spell levels left.
You didn't know any spells.
Your spell library was empty.

Dungeon Overview and Level Annotations

Branches:
Dungeon (6/15)             Temple (1/1) D:5

Altars:
Ashenzari
Cheibriados
Dithmenos
Fedhas
Gozag
Hepliaklqana
Kikubaaqudgha
Makhleb
Nemelex Xobeh
Ru
Sif Muna
Trog
Uskayaw
Vehumet
Wu Jian
Xom
Yredelemnul
Zin
The Shining One

Annotations:
D:3 Sigmund


Innate Abilities, Weirdness & Mutations

You have very sharp fingernails.
A weak demonic guardian rushes to your aid.


Message History

Your white imp hits the orc warrior but does no damage.
The orc wizard points at you and mumbles some strange words.
You feel yourself slow down.
All of the chunks of flesh in your inventory have rotted away.
The orc warrior hits you with a cursed -2 long sword.
Your white imp gestures at the orc warrior.
The puff of frost hits the orc warrior!
The orc warrior hits you but does no damage.
You climb upwards.
Your summoned ally is left behind.
There is a stone staircase leading down here.
You closely miss the orc warrior.
The orc warrior is heavily wounded.
The orc warrior hits you with a cursed -2 long sword.
You closely miss the orc warrior.
The orc warrior is heavily wounded.
The orc warrior hits you with a cursed -2 long sword!
* * * LOW HITPOINT WARNING * * *
You feel better.
The orc warrior hits you with a cursed -2 long sword!
You die...

#.........###.........#..# #..
#.........###.####.##.#..###..
#.............####............
#..............)...##.........
#.....##..###.#########..#####
####.....##..###.#########.##
........###...[.........<..#
####..### #..###o#########<#
#..# #.## #@# #.# #..# #.# #.#
#.# #.<# ##.## #.# #.#
##..####...###.#########.######
#........#.....................
#.######...#############.######
#.# ##.## ##.###### #.# #.#
#........ ###.# #.# #..######


You could see an orc warrior.

Vanquished Creatures
  An ogre (D:5)
  A big kobold (D:2)
  4 crimson imps (D:5)
  An orc priest (D:5)
  An orc wizard (D:5)
  An iguana (D:5)
  4 worker ants (D:5)
  A worker ant zombie (D:5)
  6 adders
  A shadow imp (D:5)
  2 oozes
  2 adder skeletons
  2 worms
  3 dart slugs (D:1)
  4 leopard geckos
  11 orcs
  5 bats
  6 giant cockroaches
  8 hobgoblins
  6 jackals
  A quokka (D:5)
  3 ball pythons
  6 frilled lizards
  7 goblins
  3 kobolds
  A leopard gecko skeleton (D:4)
  A quokka zombie (D:5)
  4 rats
96 creatures vanquished.

Vanquished Creatures (collateral kills)
  A centaur (D:5)
  An orc priest (D:6)
2 creatures vanquished.

Grand Total: 98 creatures vanquished

Notes
Turn   | Place    | Note
-------+----------+-------------------------------------------
     0 | D:1      | sking99 the Demonspawn Monk began the quest for the Orb.
     0 | D:1      | Reached XP level 1. HP: 18/18 MP: 1/1
    98 | D:1      | Gained mutation: You have sharp fingernails. [demonic
                  | ancestry]
    98 | D:1      | Reached XP level 2. HP: 11/24 MP: 2/2
   637 | D:1      | Reached skill level 1 in Unarmed Combat
   878 | D:1      | Reached XP level 3. HP: 29/29 MP: 3/3
  2102 | D:3      | Noticed a big kobold
  2201 | D:2      | Killed a big kobold
  2201 | D:2      | Reached XP level 4. HP: 7/37 MP: 4/4
  2201 | D:2      | Gained mutation: You have very sharp fingernails. [demonic
                  | ancestry]
  2201 | D:2      | Reached XP level 5. HP: 8/42 MP: 5/5
  2520 | D:3      | You fall into a shaft and drop 2 floors!
  2520 | D:5      | Entered Level 5 of the Dungeon
  3140 | D:3      | Noticed Sigmund
  3953 | D:4      | Found an ornate altar of the Wu Jian Council.
  4550 | D:5      | Reached XP level 6. HP: 45/49 MP: 6/6
  4585 | D:5      | Got a pitted scale mail
  4596 | D:5      | Identified the +2 scale mail of Foolhardiness {rC+} (You
                  | found it on level 5 of the Dungeon)
  4751 | D:5      | Reached skill level 1 in Armour
  4891 | D:5      | Paralysed by a crimson imp for 4 turns
  5861 | D:5      | Reached skill level 5 in Fighting
  5861 | D:5      | Reached skill level 5 in Unarmed Combat
  5861 | D:5      | Gained mutation: A weak demonic guardian rushes to your
                  | aid. [demonic ancestry]
  5861 | D:5      | Reached XP level 7. HP: 30/56 MP: 7/7
  6268 | D:5      | Found a staircase to the Ecumenical Temple.
  6284 | Temple   | Entered the Ecumenical Temple
  6546 | Temple   | Became a worshipper of Uskayaw the Reveler
  6546 | Temple   | Reached * piety under Uskayaw
  7043 | D:5      | Slain by an orc warrior

Illustrated notes

Levels and vault maps discovered:
D:1:      dpeg_arrival_rooms_with_view, layout_loops_ring
D:2:      layout_rooms
D:3:      layout_loops_ring, uniq_sigmund
D:4:      layout_basic, kennysheep_little_box, first_ration,
          kennysheep_generic_room_8
D:5:      layout_loops_ring, temple_green
D:6:      layout_loops_ring, lemuel_altar_in_water
Temple:   dpeg_five_rooms_temple

Skill      XL: |  1  2  3  4  5  6  7 |
---------------+----------------------+-----
Stealth        | 2 |  2.0
Unarmed Combat | 1 3 4 5 |  5.4
Fighting       | 4 5 |  5.3
Armour         | 1 2 |  2.2
Polearms       | |  2.8
Dodging        | |  2.8
Invocations    | |  0.4

Action                   |  1- 3 |  4- 6 |  7- 9 || total
-------------------------+-------+-------+-------++-------
Melee: Spear             |    30 |       |       ||    30
       Unarmed           |   163 |   174 |    46 ||   383
       Punch             |       |     1 |     1 ||     2
Throw: Dart              |     5 |     7 |       ||    12
  Use: Potion            |     1 |     1 |     1 ||     3
       Scroll            |       |     8 |     4 ||    12
 Stab: Sleeping          |     7 |       |       ||     7
  Eat: Chunk             |     4 |     7 |     2 ||    13
       Ration            |       |     2 |       ||     2
Armor: Robe              |     6 |       |       ||     6
       Leather armour    |    10 |       |       ||    10
       Ring mail         |    33 |    21 |       ||    54
       Chain mail        |       |    44 |    14 ||    58
       Scale mail        |       |     3 |       ||     3
Dodge: Dodged            |    99 |    90 |    20 ||   209
